 Dungeon Crawl Stone Soup version 0.21.1-1-g345015f (webtiles) character file.

1524 Krilegs the Chopper (level 8, -15/94 HPs)
             Began as a Demonspawn Chaos Knight on May 7, 2018.
             Demolished by a wight
             ... wielding a cursed +8 morningstar of chaos
              (18 damage)
             ... on level 6 of the Dungeon.
             The game lasted 00:19:19 (4738 turns).

Krilegs the Chopper (Demonspawn Chaos Knight)       Turns: 4738, Time: 00:19:19

Health: -15/94     AC: 24    Str: 20    XL:     8   Next: 54%
Magic:  8/8        EV:  2    Int: 14    God:    Xom [......]
Gold:   482        SH:  0    Dex: 12    Spells: 7/7 levels left

rFire    . . .     SeeInvis .   a - +0 hand axe (chaos)
rCold    . . .     Gourm    .   (no shield)
rNeg     + + +     Faith    .   (armour currently unavailable)
rPois    +         Spirit   .   (helmet currently unavailable)
rElec    .         Reflect  .   (cloak currently unavailable)
rCorr    .         Harm     .   (gloves currently unavailable)
MR       .....     NoTele   +   (boots currently unavailable)
Stlth    +.........             e - amulet of regeneration
HPRegen  0.65/turn              n - +5 ring of strength
MPRegen  0.11/turn              (no ring)

@: tree-form, drained
A: demonic guardian 1, mutation resistance 1, powered by pain 1
a: Renounce Religion


You were on level 6 of the Dungeon.
You worshipped Xom.
You were a very special plaything of Xom.
You were very hungry.
You were a tree.
You visited 1 branch of the dungeon, and saw 6 of its levels.
You also visited: Ossuary.

You collected 482 gold pieces.

Inventory:

Hand Weapons
 a - a +0 hand axe of chaos (weapon)
 q - the +12 glaive of Prune {chop}
   (You found it on level 5 of the Dungeon)

   It inflicts extra damage upon your enemies.
Armour
 b - a +3 scale mail (melded)
Jewellery
 e - an amulet of regeneration (around neck)
 l - an uncursed amulet of guardian spirit
 n - a +5 ring of strength (left branch)
Wands
 j - a wand of digging (17)
Scrolls
 f - 2 scrolls of remove curse
 g - 4 scrolls of enchant armour {unknown}
 i - 3 scrolls of fear
 k - a scroll of noise {unknown}
 m - 2 scrolls of teleportation
 o - 2 scrolls of identify
Potions
 d - a potion of curing
 h - 2 potions of brilliance
 r - a potion of cancellation
 s - 2 potions of heal wounds {unknown}
Comestibles
 c - 9 rations


   Skills:
 + Level 5.5(5.3) Fighting
 + Level 7.0(7.3) Axes
 + Level 3.8(5.7) Polearms
 + Level 4.6(4.4) Armour
 - Level 0.9(0.7) Dodging


You had 7 spell levels left.
You didn't know any spells.

Dungeon Overview and Level Annotations

Branches:
Dungeon (6/15)             Temple (0/1) D:4

Altars:
Elyvilon
Nemelex Xobeh
Sif Muna


Innate Abilities, Weirdness & Mutations

((You have sharp toenails.))
((You are partially covered in iridescent scales. (AC +2)))
A weak demonic guardian rushes to your aid.
You sometimes gain a little power by taking damage.
You are somewhat resistant to further mutation.
((Your system is resistant to poisons. (rPois)))


Message History

The bullfrog skeleton hits you but does no damage.
You completely miss the wight. You barely miss the wight. You hit the wight.
You closely miss something. You hit the bullfrog skeleton.
The bullfrog barely misses the worker ant.
The wight hits you but does no damage. x2
Something hits you but does no damage. The bullfrog skeleton hits you.
* * * LOW HITPOINT WARNING * * *
The wight hits you with an enchanted war axe.
* * * LOW HITPOINT WARNING * * *
A leopard gecko comes into view.
You hit the wight. Lightning courses through the wight!
You destroy the wight!
You barely miss the wight. You hit something but do no damage.
You hit the bullfrog skeleton.
Lightning courses through the bullfrog skeleton!
You destroy the bullfrog skeleton!
You hit the wight. You burn the wight. Something hits you but does no damage.
You are electrocuted!
You die...
Xom snickers!

....... ..
....$.. .#
....... ..#
$....... ##..
>.......##... #
....... ..z##.#
.......##.....#.#
......Zo)%.......
..[O.####♣z.....#
... #..wz{†.....#
. ....F.a........
.....#.......##
.l...........#
[.###.......## .
........#
..##.)...#


You could see a bullfrog (confused), a worm, a worker ant, 3 wights, an orc, an
adder zombie and a leopard gecko.

Vanquished Creatures
  A hippogriff (D:4)
  Sigmund (D:5)
  Eustachio (D:5)
  A sky beast (D:5)
  An ice beast (D:5)
  An ogre (D:6)
  2 scorpions
  A wight (D:6)
  A jelly (D:4)
  An orc wizard (D:5)
  An orc priest (D:5)
  A bullfrog skeleton (D:6)
  Natasha (twice) (D:3)
  3 worker ants
  7 mummies (Ossuary)
  3 gnolls (D:2)
  4 adders
  3 shadow imps (D:5)
  6 oozes
  An adder skeleton (D:5)
  3 worms (D:2)
  2 dart slugs (D:1)
  A leopard gecko (D:1)
  10 orcs
  A giant cockroach (D:2)
  9 goblins
  10 hobgoblins
  4 jackals (D:1)
  11 kobolds
  7 quokkas
  11 bats
  5 frilled lizards
  3 hobgoblin zombies (Ossuary)
  A jackal zombie (D:5)
  2 kobold zombies (Ossuary)
  2 orc zombies (Ossuary)
  A quokka skeleton (D:5)
  10 rats
  4 plants (D:2)
139 creatures vanquished.

Vanquished Creatures (collateral kills)
  The ghost of DrClinical the Chopper, an amateur HOBe of Trog (D:4)
  A big kobold zombie (Ossuary)
  A mummy (Ossuary)
3 creatures vanquished.

Vanquished Creatures (others)
  Grinder (D:3)
  An ooze (D:4)
  A fire vortex (D:2)
  2 fungi (D:4)
  3 plants (D:2)
  4 toadstools (D:4)
12 creatures vanquished.

Grand Total: 154 creatures vanquished

Notes
Turn   | Place    | Note
-------+----------+-------------------------------------------
     0 | D:1      | Krilegs the Demonspawn Chaos Knight began the quest for the Orb.
     0 | D:1      | Reached XP level 1. HP: 18/18 MP: 1/1
     0 | D:1      | XOM: harmless Chrm miscast
    49 | D:1      | XOM: harmless Fire miscast
   124 | D:1      | XOM: divination: detect creatures
   146 | D:1      | Gained mutation: You have sharp toenails. [demonic ancestry]
   146 | D:1      | Reached XP level 2. HP: 18/24 MP: 2/2
   258 | D:1      | Reached skill level 3 in Axes
   316 | D:1      | XOM: silly message
   505 | D:1      | Gained mutation: You passively map a small area around you. [potion of mutation]
   505 | D:1      | Gained mutation: Your system is resistant to poisons. (rPois) [potion of mutation]
   506 | D:1      | Lost mutation: Your system is resistant to poisons. (rPois) [potion of mutation]
   506 | D:1      | Lost mutation: You passively map a small area around you. [potion of mutation]
   506 | D:1      | Gained mutation: You have a pair of small horns on your head. [potion of mutation]
   506 | D:1      | Gained mutation: You are agile. (Dex +2) [potion of mutation]
   752 | D:1      | XOM: harmless Tloc miscast
   864 | D:2      | Reached XP level 3. HP: 29/29 MP: 3/3
   998 | D:2      | XOM: potion effect (agility)
  1074 | D:2      | XOM: divination: magic mapping
  1075 | D:2      | XOM: harmless Summ miscast
  1100 | D:2      | Reached XP level 4. HP: 37/37 MP: 4/4
  1139 | D:2      | Found a deep blue altar of Sif Muna.
  1179 | D:2      | XOM: harmless Necr miscast
  1263 | D:2      | Found a faded altar of an unknown god.
  1412 | D:2      | XOM: cloud trail
  1416 | D:2      | XOM: god gift: forked glass wand {god gift}
  1453 | D:2      | XOM: divination: magic mapping
  2137 | D:3      | XOM: smoke on damage
  2474 | D:3      | Noticed Grinder
  2478 | D:3      | Paralysed by Grinder for 3 turns
  2480 | D:3      | Killed Grinder
  2480 | D:3      | XOM: divine lightning
  2487 | D:3      | Noticed Natasha
  2496 | D:3      | Killed Natasha
  2496 | D:3      | Reached skill level 4 in Axes
  2496 | D:3      | Gained mutation: You sometimes gain a little power by taking damage. [demonic ancestry]
  2496 | D:3      | Reached XP level 5. HP: 42/42 MP: 5/5
  2681 | D:3      | Noticed Natasha
  2689 | D:3      | Killed Natasha
  2919 | D:4      | XOM: draining
  3016 | D:4      | Found a staircase to the Ecumenical Temple.
  3356 | D:4      | Gained mutation: A weak demonic guardian rushes to your aid. [demonic ancestry]
  3356 | D:4      | Reached XP level 6. HP: 48/49 MP: 6/6
  3391 | D:4      | Reached skill level 5 in Axes
  3410 | D:4      | Found a sand-covered staircase.
  3416 | Ossuary  | Entered an ossuary
  3433 | Ossuary  | XOM: harmless Hex miscast
  3472 | Ossuary  | XOM: 1-stop teleportation journey
  3550 | Ossuary  | XOM: fog
  3741 | D:4      | Lost mutation: You are agile. (Dex +2) [potion of mutation]
  3741 | D:4      | Lost mutation: You have a pair of small horns on your head. [potion of mutation]
  3741 | D:4      | Gained mutation: You are somewhat resistant to further mutation. [potion of mutation]
  3741 | D:4      | Gained mutation: Your system is resistant to poisons. (rPois) [potion of mutation]
  3744 | D:4      | Noticed DrClinical's ghost (amateur HOBe)
  3762 | D:4      | Killed DrClinical's ghost
  3812 | D:4      | Found a white marble altar of Elyvilon.
  3878 | D:4      | Gained mutation: You are partially covered in iridescent scales. (AC +2) [demonic ancestry]
  3878 | D:4      | Reached XP level 7. HP: 55/55 MP: 7/7
  3882 | D:4      | Noticed a hippogriff
  3891 | D:4      | Killed a hippogriff
  3891 | D:4      | Reached skill level 6 in Axes
  4026 | D:5      | XOM: stealth player
  4026 | D:5      | Entered Level 5 of the Dungeon
  4088 | D:5      | XOM: medium Tloc miscast
  4193 | D:5      | Found the +12 glaive of Prune {chop}
  4222 | D:5      | Reached skill level 5 in Fighting
  4291 | D:5      | Noticed Eustachio
  4323 | D:5      | Killed Eustachio
  4323 | D:5      | Reached skill level 1 in Polearms
  4358 | D:5      | Reached XP level 8. HP: 57/62 MP: 8/8
  4382 | D:5      | Reached skill level 7 in Axes
  4426 | D:5      | Found a sparkling altar of Nemelex Xobeh.
  4537 | D:5      | Noticed Sigmund
  4538 | D:5      | XOM: summons 8 friendly demons
  4554 | D:5      | Killed Sigmund
  4733 | D:6      | XOM: chaos upgrade
  4737 | D:6      | HP: 2/94 [wight/enchanted war axe (4)]
  4738 | D:6      | Demolished by a wight

Skill      XL: |  1  2  3  4  5  6  7  8 |
---------------+-------------------------+-----
Armour         | 2 3 4 |  4.6
Axes           | 3 4 5 6 7 |  7.0
Fighting       | 4 5 |  5.5
Polearms       | 1 3 |  3.8
Dodging        | |  0.9

Action                   |  1- 3 |  4- 6 |  7- 9 || total
-------------------------+-------+-------+-------++-------
Melee: Hand axe          |   137 |   238 |    49 ||   424
       Kick              |    41 |    67 |    19 ||   127
       Headbutt          |    16 |    42 |       ||    58
       Glaive            |       |       |    40 ||    40
  Use: Potion            |     6 |     4 |     4 ||    14
       Scroll            |     4 |     6 |     1 ||    11
 Stab: Sleeping          |     1 |       |       ||     1
       Paralysed         |     2 |     1 |     2 ||     5
       Distracted        |       |     1 |     1 ||     2
       Confused          |       |     1 |     1 ||     2
       Petrifying        |       |     1 |       ||     1
  Eat: Ration            |     1 |     1 |       ||     2
       Chunk             |       |     4 |     1 ||     5
Armor: Leather armour    |    37 |    21 |       ||    58
       Skin              |       |    14 |     8 ||    22
       Ring mail         |       |    17 |       ||    17
       Scale mail        |       |    17 |    53 ||    70
Dodge: Dodged            |    68 |    71 |    71 ||   210
